[Event "ICCopen2017"]
[Site "Internet Chess Club"]
[Date "2017.03.25"]
[Round "8"]
[White "PerMag"]
[Black "Xadrez47"]
[Result "1-0"]
[ICCResult "Black forfeits on time"]
[WhiteElo "1702"]
[BlackElo "1479"]
[Opening "Scandinavian defense"]
[ECO "B01"]
[NIC "SD.03"]
[Time "15:30:20"]
[TimeControl "180+0"]

1. e4 d5 2. exd5 Nf6 3. Nc3 Bg4 4. Be2 Bxe2 5. Qxe2 a6 6. d4 Nxd5 7. Nf3 Nc6
8. O-O e6 9. Bg5 Be7 10. Bxe7 Ndxe7 11. Rad1 Nd5 12. Ne4 Qe7 13. c3 O-O-O
14. a4 Nf4 15. Qe3 Nd5 16. Qe2 f5 17. Nc5 Rde8 18. Rc1 g5 19. Ne5 Nxe5 20.
Qxe5 Nf4 21. Rfe1 b6 22. g3 bxc5 23. gxf4 gxf4 24. Qxf4 Rhg8+ 25. Kh1 Rg4
26. Qf3 Reg8 27. dxc5 Qxc5 28. Qa8+ Kd7 29. Rcd1+ Ke7 30. Qf3 h5 31. Re2 Qc4
32. Rde1 Kf6 33. Rxe6+ Qxe6 34. Rxe6+ Kxe6 35. Qe2+ Kd5 36. Qd1+
{Black forfeits on time}
1-0

[Event "ICCopen2017"]
[Site "Internet Chess Club"]
[Date "2017.03.25"]
[Round "8"]
[White "hon"]
[Black "alekhsay"]
[Result "1-0"]
[ICCResult "Black forfeits on time"]
[WhiteElo "1261"]
[BlackElo "934"]
[Opening "Scotch opening"]
[ECO "C44"]
[NIC "KP.10"]
[Time "15:30:14"]
[TimeControl "180+0"]

1. e4 e5 2. Nf3 Nc6 3. d4 d6 4. dxe5 Nxe5 5. Nxe5 dxe5 6. Qxd8+ Kxd8 7. Nc3
Bd6 8. Bd2 Ne7 9. O-O-O c6 10. Bc4 f5 11. f3 f4 12. Bb3 Kc7 13. Na4 Bd7 14.
a3 b5 15. Nc3 a5 16. Ne2 a4 17. Ba2 Rhb8 18. c3 Nc8 19. g3 g5 20. gxf4 gxf4
21. Rhg1 Nb6 22. Rg7 Nc4 23. Rdg1 Nxa3 24. bxa3 Bxa3+ 25. Kc2 b4 26. cxb4
Bxb4 27. Bxb4 Rxb4 28. Rb1 c5 29. Be6 Rd8 30. Rxh7 Kc6 31. Bxd7+ Rxd7 32.
Rxd7 Kxd7 33. Nc3 c4 34. Rxb4 a3 35. Rxc4 a2 36. Nxa2 Ke6 37. Rc6+
{Black forfeits on time}
1-0

[Event "ICCopen2017"]
[Site "Internet Chess Club"]
[Date "2017.03.25"]
[Round "8"]
[White "Ninjakiwi17"]
[Black "FavoritePawn"]
[Result "1-0"]
[ICCResult "Black forfeits on time"]
[WhiteElo "2098"]
[BlackElo "1433"]
[Opening "French: Marshall variation"]
[ECO "C10"]
[NIC "FR.04"]
[Time "15:29:41"]
[TimeControl "180+0"]

1. e4 e6 2. d4 d5 3. Nc3 c5 4. exd5 exd5 5. Bb5+ Bd7 6. Bxd7+ Nxd7 7. dxc5
Bxc5 8. Nxd5 Ne7 9. Nxe7 Qxe7+ 10. Qe2 Qxe2+ 11. Nxe2 O-O 12. O-O Rfe8 13.
Nc3 Ne5 14. Bf4 Nc4 15. Rab1 h6 16. Rfd1 g6 17. h3 g5 18. Bg3 Rad8 19. Rxd8
Rxd8 20. b3 Nb6 21. Ne4 Be7 22. Bc7 Re8 23. Bxb6 axb6 24. c4 Bc5 25. Nxc5
bxc5 26. Rd1 Re2 27. Rd5 Rxa2 28. Rxc5 Ra6 29. Rb5 b6 30. b4 Kf8 31. Kf1 Ke7
32. Ke2 Kd6 33. Kf3 Ke6 34. Kg4 Kf6 35. Kh5 Kg7 36. Kg4 Ra2 37. Kg3 Ra3+ 38.
f3 Ra6 39. c5 bxc5 40. Rxc5 f6 41. b5 Rb6 42. Rc7+ Kg6 43. Rc5 Rb7 44. h4
Rb6 45. hxg5 hxg5 46. Kg4 Kh6 47. Kf5 Kh5 48. g4+ Kh4 49. Kg6 Kg3 50. Rf5
Kf2 51. Rxf6 Rxf6+ 52. Kxf6 Kxf3 53. Kxg5 Ke4 54. b6 Kd4 55. b7 Kd3 56. b8=Q
Ke2 57. Qc7 Kf2 58. Kf5 Ke2 59. g5 Ke1 60. g6 Kd1 61. g7 Ke1 62. g8=Q Ke2
63. Qd5 {Black forfeits on time} 1-0

[Event "ICCopen2017"]
[Site "Internet Chess Club"]
[Date "2017.03.25"]
[Round "8"]
[White "Lavrik87"]
[Black "Kastor"]
[Result "1-0"]
[ICCResult "Black resigns"]
[WhiteElo "2168"]
[BlackElo "2785"]
[Opening "King's Indian: fianchetto, Panno variation"]
[ECO "E63"]
[NIC "KI.71"]
[Time "15:31:07"]
[TimeControl "180+0"]

1. g3 g6 2. Bg2 Bg7 3. Nf3 Nf6 4. O-O O-O 5. c4 d6 6. Nc3 Nc6 7. d4 a6 8. b3
Rb8 9. Bb2 Bd7 10. d5 Na5 11. Rc1 c5 12. dxc6 bxc6 13. Ba1 c5 14. e4 Bg4 15.
e5 Bxf3 16. Qxf3 dxe5 17. Na4 Nd7 18. Rfd1 Qc7 19. Bc3 Rfd8 20. Qe3 e6 21.
Rd3 Bf8 22. Rcd1 Nc6 23. Bxc6 Qxc6 24. Bxe5 Rb7 25. Bd6 Rc8 26. Bxf8 Nxf8
27. Rd6 Qc7 28. Rxa6 Nd7 29. Rad6 Nf6 30. Nc3 Qa5 31. Qf3 Rbb8 32. Qxf6
{Black resigns}
1-0

[Event "ICCopen2017"]
[Site "Internet Chess Club"]
[Date "2017.03.25"]
[Round "8"]
[White "Mormegil"]
[Black "nikenwidiartto"]
[Result "1-0"]
[ICCResult "Black resigns"]
[WhiteElo "1755"]
[BlackElo "1814"]
[Opening "English: New York (London) defensive system"]
[ECO "A12"]
[NIC "QP.09"]
[Time "15:31:16"]
[TimeControl "180+0"]

1. Nf3 d5 2. c4 c6 3. b3 Nf6 4. Bb2 Bf5 5. d3 Nbd7 6. g3 e6 7. Bg2 h6 8. O-O
Be7 9. Nbd2 O-O 10. e4 dxe4 11. dxe4 Bh7 12. e5 Ne8 13. Qe2 Nc7 14. Rfe1 Nc5
15. Rad1 Nd3 16. Ne4 Qb8 17. Rxd3 a5 18. Rd2 Na6 19. Nd6 Nc5 20. Red1 Bg6
21. Ne1 h5 22. Be4 Bxe4 23. Nxe4 h4 24. Nxc5 Bxc5 25. Qg4 hxg3 26. hxg3 g6
27. Nd3 Be7 28. Nf4 Kg7 29. Nh5+ Kg8 30. Nf6+ Kg7 31. Rd7 Bc5 32. Kg2 Rh8
33. Ne4 Qf8 34. Nxc5 Qxc5 35. Qf4 Rhf8 36. Qf6+ Kg8 37. R1d4 a4 38. Rh4
{Black resigns}
1-0

[Event "ICCopen2017"]
[Site "Internet Chess Club"]
[Date "2017.03.25"]
[Round "8"]
[White "jjmolina"]
[Black "BeerMeUpScotty"]
[Result "0-1"]
[ICCResult "White forfeits on time"]
[WhiteElo "1376"]
[BlackElo "1553"]
[Opening "Sicilian: Najdorf, Byrne (English) attack"]
[ECO "B90"]
[NIC "SI.14"]
[Time "15:30:54"]
[TimeControl "180+0"]

1. e4 c5 2. Nf3 d6 3. d4 cxd4 4. Nxd4 Nf6 5. Nc3 a6 6. Be3 e6 7. f3 Qc7 8.
Qd2 Nfd7 9. O-O-O Nb6 10. g4 N8d7 11. g5 Ne5 12. Be2 Bd7 13. f4 Nec4 14.
Bxc4 Nxc4 15. Qd3 Rc8 16. f5 Nxe3 17. Qxe3 b5 18. fxe6 Bxe6 19. Nxe6 fxe6
20. Rd2 Be7 21. h4 O-O 22. Rg1 b4 23. Ne2 d5 24. exd5 Bc5 25. Qxe6+ Kh8 26.
Rgd1 Rfe8 27. Qc6 Qa5 28. Qb7 Qxa2 29. Rd3 Qa1+ 30. Kd2 Qxb2 31. d6 Be3+ 32.
Ke1 Qe5 33. d7 Bf2+ 34. Kd2 Qxe2+ 35. Kc1 Be3+ 36. Kb1 Qxc2+ 37. Ka1 Qa4+
{White forfeits on time}
0-1

[Event "ICCopen2017"]
[Site "Internet Chess Club"]
[Date "2017.03.25"]
[Round "8"]
[White "GulkovIgor"]
[Black "zepelin"]
[Result "1-0"]
[ICCResult "Black resigns"]
[WhiteElo "2352"]
[BlackElo "1994"]
[Opening "Réti opening"]
[ECO "A04"]
[NIC "QP.11"]
[Time "15:30:38"]
[TimeControl "180+0"]

1. Nf3 g6 2. e4 Bg7 3. d4 c5 4. c4 d6 5. Be2 Bg4 6. d5 e5 7. Ng5 Bxe2 8.
Qxe2 h6 9. Nf3 Ne7 10. O-O O-O 11. Nc3 f5 12. exf5 gxf5 13. Nh4 Nd7 14. g3
Nf6 15. f4 e4 16. Nd1 Qd7 17. Ne3 a6 18. a4 Kh7 19. a5 Rab8 20. Ra3 b5 21.
axb6 Rxb6 22. b3 Rfb8 23. Qc2 Ne8 24. Bd2 Bd4 25. Kh1 Ng7 26. Nhg2 Qb7 27.
Rb1 Qd7 28. Ba5 R6b7 29. Bc3 Rb6 30. Qd2 Bxc3 31. Qxc3 Qb7 32. h3 Rb4 33.
Kh2 h5 34. Qf6 Rb6 35. Nh4 Qd7 36. Qf7 Qe8 37. Qf6 Qd7 38. Kg2 Ng8 39. Qc3
Ne7 40. Kf2 Kg8 41. Rg1 a5 42. g4 fxg4 43. hxg4 a4 44. gxh5 Nxd5 45. Nxd5
Rxb3 46. Rxb3 Rxb3 47. Qxb3 {Black resigns} 1-0

[Event "ICCopen2017"]
[Site "Internet Chess Club"]
[Date "2017.03.25"]
[Round "8"]
[White "iamGodskid"]
[Black "bumbleball"]
[Result "0-1"]
[ICCResult "White forfeits on time"]
[WhiteElo "1328"]
[BlackElo "1651"]
[Opening "Mieses opening"]
[ECO "A00"]
[NIC "VO.13"]
[Time "15:29:58"]
[TimeControl "180+0"]

1. d3 Nf6 2. g3 g6 3. Bg2 Bg7 4. Nf3 d6 5. Bg5 c6 6. Nc3 Qa5 7. O-O Bg4 8.
Ne4 Nxe4 9. dxe4 Bxf3 10. Bd2 Bxe2 11. Qxe2 Qb6 12. Bc3 O-O 13. Bxg7 Kxg7
14. h4 Nd7 15. h5 a6 16. Qd2 Qc5 17. h6+ Kh8 18. b4 Qe5 19. Rad1 Nf6 20. Qf4
Qxf4 21. gxf4 Ng4 22. f5 Nxh6 23. fxg6 hxg6 24. Rd3 Ng4 25. Rh3+ Kg7 26. f3
Ne3 27. Re1 Nxc2 28. Rb1 Rh8 29. Rg3 Rh4 30. Rb2 Nd4 31. e5 dxe5 32. Rd2 Rd8
33. Rb2 Nf5 34. Rg4 Rxg4 35. fxg4 Ne3 36. Bf3 Rd4 37. Re2 Rd1+ 38. Kf2 Nd5
39. Rxe5 e6 40. Re4 Rd2+ 41. Ke1 Rxa2 42. Bd1 Ra1 43. Ke2 Rxd1 44. Kxd1 Nc3+
45. Kd2 Nxe4+ 46. Kd3 Nf2+ 47. Ke3 Nxg4+ 48. Kf3 f5 49. Kf4 Kf6 50. Kg3 e5
51. Kf3 e4+ 52. Kf4 g5+ 53. Kg3 Ke5 54. Kg2 e3 55. Kf1 Kf4 56. Ke2 Ke4 57.
Ke1 f4 58. Ke2 f3+ 59. Ke1 f2+ 60. Ke2 Ne5 61. Kf1 Kf3 {White forfeits on
time} 0-1

[Event "ICCopen2017"]
[Site "Internet Chess Club"]
[Date "2017.03.25"]
[Round "8"]
[White "ramezsamir"]
[Black "Palse"]
[Result "0-1"]
[ICCResult "White forfeits on time"]
[WhiteElo "1950"]
[BlackElo "2248"]
[Opening "Trompowsky attack (Ruth, Opocenský opening)"]
[ECO "A45"]
[NIC "QP.07"]
[Time "15:29:30"]
[TimeControl "180+0"]

1. d4 Nf6 2. Bg5 e6 3. Nd2 h6 4. Bh4 c5 5. e3 b6 6. Ngf3 Bb7 7. Bd3 Be7 8.
O-O O-O 9. Qe2 cxd4 10. exd4 d6 11. c3 Nbd7 12. Rfe1 a6 13. a4 Qc7 14. h3
Rfe8 15. Bg3 Bf8 16. Qf1 e5 17. dxe5 dxe5 18. Nc4 Bxf3 19. gxf3 Rad8 20. Ne3
a5 21. Bb5 g6 22. Rad1 Re6 23. Bh4 Be7 24. Bxd7 Rxd7 25. Bxf6 Bxf6 26. Nd5
Qd8 27. Qb5 Kg7 28. Ne3 Red6 29. Rxd6 Rxd6 30. Nc4 Re6 31. Ne3 Bg5 32. Rd1
Qf6 33. Qd5 Bxe3 34. fxe3 Qg5+ 35. Kf2 Qh4+ 36. Kg2 Qg5+ 37. Kf2 Rf6 38. Qe4
Rf5 39. Rg1 Qe7 40. Qxf5 Qh4+ 41. Ke2 Qe7 42. Qd3 Qe6 43. Rg3 Qb3 44. Qd2
Qc4+ 45. Kf2 Qxa4 46. Rg4 Qb5 47. Re4 a4 48. c4 Qc5 49. Qc3 f6 50. f4 Qc6
51. Kf3 Kh7 52. fxe5 f5 53. Qd4 fxe4+ 54. Qxe4 Qe6 55. Qd5 Qxh3+ 56. Ke4
Qf5+ 57. Kd4 h5 58. e6 Qf6+ 59. Qe5 Kg7 60. e7 Qxe5+ 61. Kxe5 Kf7 62. Kd6
Ke8 63. Kc6 h4 64. Kxb6 h3 65. c5 h2 66. c6 h1=Q 67. c7 Qh3 68. Kb7 Qd7 69.
Kb8 Qb5+ 70. Ka8 Qc6+ 71. Kb8 Qb6+ 72. Kc8 Kxe7 73. e4 Kd6 74. e5+ Kc6
{White forfeits on time}
0-1

[Event "ICCopen2017"]
[Site "Internet Chess Club"]
[Date "2017.03.25"]
[Round "8"]
[White "Natik"]
[Black "Khanzer17"]
[Result "0-1"]
[ICCResult "White resigns"]
[WhiteElo "2419"]
[BlackElo "1942"]
[Opening "Nimzo-Indian: Kmoch variation"]
[ECO "E20"]
[NIC "NI.30"]
[Time "15:31:14"]
[TimeControl "180+0"]

1. d4 Nf6 2. c4 e6 3. Nc3 Bb4 4. f3 c5 5. d5 O-O 6. e4 d6 7. Ne2 a6 8. a3
Ba5 9. Bd2 b5 10. Nf4 exd5 11. Ncxd5 Bxd2+ 12. Qxd2 Nxd5 13. cxd5 Nd7 14.
Be2 Ne5 15. O-O c4 16. Kh1 Qg5 17. Rad1 Bd7 18. Rf2 Rfc8 19. Bf1 a5 20. g3
Qd8 21. Nh5 Qb6 22. Qg5 Ng6 23. Rc2 h6 24. Qd2 Ne5 25. Be2 b4 26. Kg2 Ba4
27. f4 Bxc2 28. Qxc2 Nd3 29. Bxd3 cxd3 30. Qxd3 bxa3 31. bxa3 Qb2+ 32. Rd2
Qc3 33. Qe2 g6 34. Rd3 Qh8 35. Qg4 Qb2+ 36. Kf3 Rc2 37. e5 Rf2+ 38. Ke3 Qb6+
39. Ke4 f5+ 40. exf6 Re8+ 41. Qe6+ Rxe6+ 42. dxe6 Re2+ 43. Kf3 Rxe6
{White resigns}
0-1

[Event "ICCopen2017"]
[Site "Internet Chess Club"]
[Date "2017.03.25"]
[Round "8"]
[White "jjn"]
[Black "carlito78"]
[Result "1-0"]
[ICCResult "Black forfeits on time"]
[WhiteElo "1707"]
[BlackElo "1415"]
[Opening "Sicilian: dragon variation"]
[ECO "B70"]
[NIC "SI.15"]
[Time "15:30:37"]
[TimeControl "180+0"]

1. e4 c5 2. Nf3 d6 3. d4 cxd4 4. Nxd4 Nf6 5. Nc3 g6 6. Bd3 Bg7 7. Be3 O-O 8.
f3 Nc6 9. Qd2 Nxd4 10. Bxd4 Be6 11. O-O-O Qa5 12. Kb1 Rfc8 13. b3 b5 14.
Nxb5 Qxd2 15. Rxd2 a6 16. Nc3 Nd7 17. Bxg7 Kxg7 18. h4 Nc5 19. h5 Nxb3 20.
axb3 Rxc3 21. Kb2 Rac8 22. hxg6 hxg6 23. Bxa6 R8c6 24. Bd3 f5 25. Ra1 fxe4
26. Bxe4 Rc7 27. Re1 Bf5 28. Bxf5 gxf5 29. Rde2 Kf6 30. Re6+ Kf7 31. R1e2
R3c5 32. R6e3 e5 33. c4 Kf6 34. Rd3 Ke6 35. Red2 R5c6 36. Kc3 e4 37. fxe4
fxe4 38. Rd5 Rg7 39. Re2 Rg3+ 40. Kb2 Rb6 41. Rb5 Rxb5 42. cxb5 Kd5 43. b6
Kc6 44. b7 Kxb7 45. Rxe4 Rxg2+ 46. Ka3 Kc6 47. Rc4+ Kd7 48. Kb4 d5 49. Rd4
Kd6 50. Kb5 Rc2 51. b4 Rc8 52. Rd1 Ke5 53. Ka6 d4 54. b5 Ke4 55. b6 d3 56.
b7 Rh8 57. Re1+ Kf3 58. Rc1 d2 59. Rc8 Rh6+ 60. Kb5 d1=Q 61. Rf8+ Ke4 62.
Re8+ Kf5 63. Rf8+ Ke6 64. b8=Q Qb3+ 65. Kc5 Qxb8 66. Rxb8 Rh5+ 67. Kd4 Kd7
68. Ke3 Kc7 69. Rg8 Kd7 70. Rg7+ Ke6 71. Kf4 Kf6 72. Rg8 Rh4+ 73. Kf3
{Black forfeits on time}
1-0

[Event "ICCopen2017"]
[Site "Internet Chess Club"]
[Date "2017.03.25"]
[Round "8"]
[White "Red-white"]
[Black "FlyCatcher"]
[Result "1-0"]
[ICCResult "Black resigns"]
[WhiteElo "3008"]
[BlackElo "2404"]
[Opening "Queen's pawn game"]
[ECO "D02"]
[NIC "QP.08"]
[Time "15:30:10"]
[TimeControl "180+0"]

1. d4 d5 2. Nf3 e6 3. c4 dxc4 4. e3 c5 5. Bxc4 a6 6. O-O b5 7. Be2 Nf6 8. b3
Bb7 9. Bb2 Nbd7 10. a4 b4 11. Nbd2 Be7 12. Nc4 O-O 13. Rc1 Rc8 14. Nfe5 Qc7
15. Bf3 Rfd8 16. Qe2 Nxe5 17. dxe5 Nd5 18. Rfd1 a5 19. Qc2 h6 20. Nd6 Bxd6
21. exd6 Qb6 22. Bxd5 exd5 23. Be5 Qc6 24. Qf5 f6 25. Bxf6 gxf6 26. Qg6+ Kh8
27. Qxf6+ Kh7 28. Qf7+ Kh8 29. Qf6+ Kh7 30. Rd4 Rxd6 31. Qe7+ Kh8 32. Rg4
Qd7 33. Qe5+ Kh7 34. Rg3 c4 35. h4 Re8 36. Qd4 c3 37. h5 Qe7 38. Qd3+ Qe4
39. Qb5 Rg8 40. Qxb7+ Kh8 41. Rxg8+ Kxg8 42. Qb8+ Kf7 43. Qxd6 Qd3 44. Qg6+
Qxg6 45. hxg6+ Kxg6 46. Kf1 Kf5 47. Ke2 Ke4 48. f3+ Ke5 49. Kd3 d4 50. exd4+
Kd5 51. Rh1 h5 52. Rxh5+ Kd6 53. Rxa5 Ke6 54. Rc5 {Black resigns} 1-0

[Event "ICCopen2017"]
[Site "Internet Chess Club"]
[Date "2017.03.25"]
[Round "8"]
[White "wagnerbi"]
[Black "Nfurter"]
[Result "0-1"]
[ICCResult "White checkmated"]
[WhiteElo "1974"]
[BlackElo "1787"]
[Opening "Pirc defense"]
[ECO "B07"]
[NIC "PU.08"]
[Time "15:30:22"]
[TimeControl "180+0"]

1. e4 d6 2. d4 Nf6 3. Nc3 Nbd7 4. f4 e5 5. Nf3 exd4 6. Nxd4 g6 7. Bd3 Bg7 8.
Nf3 O-O 9. O-O Re8 10. Kh1 Nc5 11. Be3 Ncxe4 12. Nxe4 Nxe4 13. Bd4 Bd7 14.
Bxg7 Kxg7 15. Bxe4 Rxe4 16. Ng5 Re8 17. Qd5 Qf6 18. Qxb7 Bf5 19. Qxc7 Re7
20. Qc6 Rc8 21. Qa6 Rxc2 22. b3 h6 23. Nf3 Be4 24. Rad1 d5 25. Ne1 Qxa6 26.
Rg1 Rxa2 27. h3 Re2 28. Kh2 Qa2 29. Rc1 d4 30. b4 d3 31. Rd1 d2 32. Nf3 Bxf3
33. Kg3 Bb7 34. h4 Qd5 35. Kh3 Rxg2 36. Rxd2 Qf5# {White checkmated} 0-1

[Event "ICCopen2017"]
[Site "Internet Chess Club"]
[Date "2017.03.25"]
[Round "8"]
[White "shirovinster"]
[Black "JCT2000"]
[Result "1/2-1/2"]
[ICCResult "Black stalemated"]
[WhiteElo "1799"]
[BlackElo "1899"]
[Opening "English: symmetrical variation"]
[ECO "A30"]
[NIC "EO.64"]
[Time "15:30:38"]
[TimeControl "180+0"]

1. c4 c5 2. g3 Nc6 3. Bg2 g6 4. Nf3 Bg7 5. O-O e5 6. Nc3 Nge7 7. d3 O-O 8.
Ne1 d6 9. Nd5 Be6 10. Bg5 h6 11. Nxe7+ Nxe7 12. Be3 Qc7 13. Rb1 d5 14. cxd5
Nxd5 15. Bd2 Rac8 16. Nc2 Rfd8 17. a3 Kh7 18. Ne3 Nxe3 19. Bxe3 Bd5 20. Qc2
Bxg2 21. Kxg2 Qc6+ 22. f3 c4 23. Rbc1 cxd3 24. Qxc6 Rxc6 25. exd3 Rxc1 26.
Rxc1 Rxd3 27. Kf2 Rd7 28. Bxa7 Rd2+ 29. Kg1 Rxb2 30. Rc7 Kg8 31. Bc5 f5 32.
Rc8+ Kf7 33. Rc7+ Kg8 34. f4 exf4 35. Rxg7+ Kxg7 36. Bd4+ Kf7 37. Bxb2 f3
38. Kf2 g5 39. Kxf3 g4+ 40. Kf4 Ke6 41. Bc3 b5 42. Bd4 Kd5 43. Bc3 Ke6 44.
Bb4 Kf6 45. Bc5 Kg6 46. Bd4 h5 47. Bc3 h4 48. gxh4 Kh5 49. Be1 Kg6 50. Bg3
Kf6 51. h5 Ke6 52. Bh4 Kf7 53. Kxf5 Kg7 54. Kxg4 Kh6 55. Bg5+ Kh7 56. Kf5
Kg7 57. h6+ Kh7 58. Bf4 Kg8 59. Ke5 Kh7 60. Kf5 Kh8 61. Kg6 Kg8 62. h7+ Kf8
63. Be5 Ke7 64. h8=Q b4 65. Qf6+ Kd7 66. axb4 Ke8 67. Qd6 {Black stalemated}
1/2-1/2

[Event "ICCopen2017"]
[Site "Internet Chess Club"]
[Date "2017.03.25"]
[Round "8"]
[White "aplusk"]
[Black "Siryk"]
[Result "1-0"]
[ICCResult "Black forfeits on time"]
[WhiteElo "2810"]
[BlackElo "2966"]
[Opening "King's Indian: East Indian defense"]
[ECO "A48"]
[NIC "QP.06"]
[Time "15:30:07"]
[TimeControl "180+0"]

1. d4 Nf6 2. Nf3 g6 3. Nbd2 d5 4. e3 Bg7 5. b4 O-O 6. Bb2 c6 7. c4 Ne4 8.
Be2 f5 9. O-O e6 10. Ne5 Nd7 11. Nd3 Nxd2 12. Qxd2 dxc4 13. Nf4 Nb6 14. a4
e5 15. a5 exf4 16. axb6 fxe3 17. Bxc4+ Kh8 18. fxe3 Qxb6 19. d5 cxd5 20.
Bxd5 Be6 21. Bxg7+ Kxg7 22. Bxe6 Qxe6 23. Rxa7 Rxa7 24. Qd4+ Rf6 25. Qxa7
Qb6 26. Qa3 f4 27. Qc3 Qxe3+ 28. Qxe3 fxe3 29. Re1 Re6 30. Kf1 Re4 31. b5
Kf6 32. Ke2 Rb4 33. Kxe3 Rxb5 34. Rc1 Re5+ 35. Kf3 b5 36. Rc6+ Kg5 37. Rc7
h5 38. Rb7 h4 39. Rb6 Rc5 40. Kf2 Kf5 41. h3 g5 42. Kf3 Rc3+ 43. Kf2 Rc5 44.
Ke3 Rc3+ 45. Kf2 Rb3 46. Rb8 b4 47. Rf8+ Ke4 48. Re8+ Kd4 49. Rd8+ Kc3 50.
Rg8 Rb1 51. Rxg5 b3 52. Rc5+ Kb4 53. Rc8 Rd1 54. Rb8+ Ka3 55. Ra8+ Kb2 56.
g3 hxg3+ 57. Kxg3 Kc2 58. Rc8+ Kb1 59. h4 b2 60. h5 Rc1 61. Rb8 Kc2 62. Rc8+
Kd2 63. Rd8+ Ke2 64. Re8+ Kf1 65. Rf8+ {Black forfeits on time} 1-0

[Event "ICCopen2017"]
[Site "Internet Chess Club"]
[Date "2017.03.25"]
[Round "8"]
[White "Persi"]
[Black "JRussell2"]
[Result "1-0"]
[ICCResult "Black checkmated"]
[WhiteElo "1209"]
[BlackElo "1028"]
[Opening "Sicilian, Chekhover variation"]
[ECO "B53"]
[NIC "SI.02"]
[Time "15:30:31"]
[TimeControl "180+0"]

1. e4 c5 2. Nf3 d6 3. d4 cxd4 4. Qxd4 Nc6 5. Bb5 Bd7 6. Bxc6 Bxc6 7. Nc3 e5
8. Qd3 Nf6 9. Bg5 Be7 10. O-O-O Qb6 11. Bxf6 gxf6 12. Nh4 O-O-O 13. Nf5 Bf8
14. Nd5 Bxd5 15. Qxd5 Rd7 16. Ne3 Qc6 17. Qxc6+ bxc6 18. Nf5 d5 19. f3 dxe4
20. fxe4 Bc5 21. Rxd7 Kxd7 22. Rd1+ Kc7 23. a3 Rd8 24. b4 Bb6 25. Nh6 Rxd1+
26. Kxd1 Bd4 27. Kc1 a6 28. Nxf7 c5 29. bxc5 Bxc5 30. Kb2 Kc6 31. Nh6 Bd4+
32. c3 Bg1 33. h3 Bh2 34. Ng4 Bf4 35. Nxf6 Bg5 36. Ng4 h5 37. Nxe5+ Kd6 38.
Nf7+ Ke6 39. Nxg5+ Kf6 40. Nf3 Ke6 41. c4 Kd6 42. Kb3 Kc6 43. Kb4 Kb6 44. e5
a5+ 45. Ka4 Ka6 46. e6 Kb7 47. e7 Kc6 48. e8=Q+ Kc5 49. Qe5+ Kxc4 50. Qd4#
{Black checkmated}
1-0

[Event "ICCopen2017"]
[Site "Internet Chess Club"]
[Date "2017.03.25"]
[Round "8"]
[White "GYMEJR"]
[Black "sovereignpower"]
[Result "1-0"]
[ICCResult "Black forfeits on time"]
[WhiteElo "1578"]
[BlackElo "1383"]
[Opening "Queen's pawn: London system"]
[ECO "A45"]
[NIC "QP.07"]
[Time "15:30:28"]
[TimeControl "180+0"]

1. d4 Nf6 2. Bf4 d5 3. e3 Bf5 4. c3 e6 5. Nd2 c5 6. Ngf3 cxd4 7. exd4 Bd6 8.
Ne5 Nc6 9. Bb5 Bxe5 10. Bxe5 Ng4 11. Bg3 a6 12. Be2 Nf6 13. O-O O-O 14. Re1
Ne8 15. Bf3 b5 16. Bg4 Bg6 17. a3 Nf6 18. Bf3 Re8 19. Bh4 Qb6 20. Bxf6 gxf6
21. Nf1 Rad8 22. Qd2 e5 23. dxe5 Nxe5 24. Qh6 Nxf3+ 25. gxf3 Qc6 26. Ng3 d4
27. f4 dxc3 28. bxc3 Qf3 29. h4 Qxc3 30. Rxe8+ Rxe8 31. Rf1 Bd3 32. Nh5 f5
33. Nf6+ {Black forfeits on time} 1-0

[Event "ICCopen2017"]
[Site "Internet Chess Club"]
[Date "2017.03.25"]
[Round "8"]
[White "Magagna"]
[Black "fletcherdavid"]
[Result "1-0"]
[ICCResult "Black forfeits on time"]
[WhiteElo "1636"]
[BlackElo "1800"]
[Opening "Queen's pawn game"]
[ECO "D02"]
[NIC "QP.08"]
[Time "15:30:15"]
[TimeControl "180+0"]

1. d4 d5 2. Nf3 e6 3. Bf4 f5 4. e3 Nf6 5. Nbd2 Bd6 6. Bxd6 cxd6 7. c4 dxc4
8. Bxc4 O-O 9. Qb3 d5 10. Bd3 b6 11. Rc1 Ba6 12. O-O Bxd3 13. Qxd3 Nbd7 14.
Qb5 Ne4 15. Nxe4 fxe4 16. Ne5 Nxe5 17. dxe5 Rc8 18. Rc6 Rxc6 19. Qxc6 Qc8
20. Rc1 Qxc6 21. Rxc6 Re8 22. Rc7 a5 23. Rb7 Rc8 24. g3 Rc6 25. Kf1 h5 26.
Ke1 Rc1+ 27. Kd2 Rf1 28. Ke2 Ra1 29. Rxb6 Rxa2 30. Rb7 Kh7 31. f4 exf3+ 32.
Kxf3 Kg6 33. h3 Kf5 34. Rxg7 Rxb2 35. g4+ hxg4+ 36. hxg4+ Kxe5 37. Ra7 Ra2
38. g5 Ra1 39. g6 Rg1 40. g7 a4 41. Kf2 Rg6 42. Ke2 a3 43. Kd3 a2 44. Rxa2
Rxg7 45. Ra6 Rb7 46. Ra3 Rb6 47. Rc3 Kd6 48. e4 Rb4 49. exd5 exd5 50. Ra3
Ke5 51. Ra8 Rb6 52. Re8+ Kd6 53. Rd8+ Kc5 54. Rh8 Rb3+ 55. Kc2 Rf3 56. Rh4
d4 57. Kd2 Kc4 58. Ke2 Ra3 59. Rh8 Ra2+ 60. Kd1 Kd3 61. Kc1 Kc3 62. Rc8+ Kd3
63. Rc7 Rg2 64. Rc8 Rg1+ 65. Kb2 Kd2 66. Kb3 d3 67. Rd8 Rb1+ 68. Kc4 Rc1+
69. Kd4 Rc3 70. Ke4 Kc2 71. Rh8 d2 72. Rh2 {Black forfeits on time} 1-0

[Event "ICCopen2017"]
[Site "Internet Chess Club"]
[Date "2017.03.25"]
[Round "8"]
[White "jeffers9"]
[Black "Theunrock"]
[Result "0-1"]
[ICCResult "White forfeits on time"]
[WhiteElo "1399"]
[BlackElo "1685"]
[Opening "QGD: Albin counter-gambit"]
[ECO "D08"]
[NIC "QG.02"]
[Time "15:30:09"]
[TimeControl "180+0"]

1. d4 d5 2. c4 e5 3. cxd5 Qxd5 4. e3 exd4 5. exd4 Nf6 6. Nf3 Bb4+ 7. Nc3 O-O
8. Be2 Ne4 9. Qc2 Bf5 10. Bd3 Nc6 11. O-O Nxc3 12. bxc3 Bxd3 13. Qxd3 Bd6
14. c4 Qh5 15. Bb2 Rad8 16. Rad1 Rfe8 17. Qc3 Bb4 18. Qb3 Bf8 19. d5 Na5 20.
Qd3 b6 21. Qd4 Nb7 22. h3 Nd6 23. Rfe1 h6 24. a4 a5 25. Bc3 Nf5 26. Qd2 Nh4
27. Nh2 Ng6 28. Qd3 Bd6 29. Nf3 Nf4 30. Qd4 Qg6 31. g4 Nxh3+ 32. Kg2 Ng5 33.
Kf1 Nxf3 34. Rxe8+ Rxe8 35. Qd3 Nh2+ 36. Kg2 Qxg4+ 37. Qg3 Bxg3 38. fxg3 Nf3
39. Kf2 Re2+ 40. Kxe2 Nd4+ 41. Kd3 Qe2+ 42. Kxd4 Qxd1+ 43. Ke4 Qc2+
{White forfeits on time}
0-1

[Event "ICCopen2017"]
[Site "Internet Chess Club"]
[Date "2017.03.25"]
[Round "8"]
[White "manitodeplomo"]
[Black "WhiteMoon"]
[Result "1-0"]
[ICCResult "Black forfeits on time"]
[WhiteElo "2493"]
[BlackElo "2020"]
[Opening "QGD: Tarrasch defense"]
[ECO "D32"]
[NIC "TD.11"]
[Time "15:30:07"]
[TimeControl "180+0"]

1. Nf3 d5 2. c4 e6 3. d4 c5 4. cxd5 exd5 5. Nc3 Nc6 6. dxc5 d4 7. Na4 Bxc5
8. Nxc5 Qa5+ 9. Bd2 Qxc5 10. Rc1 Qb6 11. e3 dxe3 12. Bxe3 Qxb2 13. Bc4 Nf6
14. O-O O-O 15. Rc2 Qa3 16. Bc5 Qa5 17. Bxf8 Kxf8 18. Qd6+ Kg8 19. h3 Bf5
20. Rcc1 Rd8 21. Qf4 h6 22. Rfd1 Rxd1+ 23. Rxd1 Be4 24. Nd4 Qc3 25. Nxc6
Qxc4 26. Ne5 Qe6 27. Rd8+ Kh7 28. f3 Bg6 29. Nxg6 fxg6 30. Qd2 h5 31. Rd6
Qe5 32. f4 Qe4 33. Rd4 Qf5 34. Kh2 h4 35. Qf2 Nh5 36. Qxh4 Qc2 37. Qg5 Qe2
38. Rd6 Nf6 39. Rxf6 Kg8 40. Rxg6 Kf7 41. Rxg7+ Ke6 42. Qe7+
{Black forfeits on time}
1-0

[Event "ICCopen2017"]
[Site "Internet Chess Club"]
[Date "2017.03.25"]
[Round "8"]
[White "SPARNALIQ"]
[Black "ARMCOMPOSER"]
[Result "1-0"]
[ICCResult "Black checkmated"]
[WhiteElo "3019"]
[BlackElo "2980"]
[Opening "Caro-Kann: classical, 6.h4"]
[ECO "B19"]
[NIC "CK.11"]
[Time "15:30:24"]
[TimeControl "180+0"]

1. e4 c6 2. d4 d5 3. Nc3 dxe4 4. Nxe4 Bf5 5. Ng3 Bg6 6. h4 h6 7. Nf3 e6 8.
Ne5 Bh7 9. Bd3 Bxd3 10. Qxd3 Nd7 11. f4 Be7 12. Bd2 Nxe5 13. fxe5 Bxh4 14.
O-O-O Bxg3 15. Qxg3 Ne7 16. Qxg7 Rg8 17. Qxh6 Qd5 18. Kb1 Qxg2 19. Bb4 Nf5
20. Qf6 Rd8 21. Rh8 Rxd4 22. Rdh1 Rg4 23. a3 Qxh1+ 24. Rxh1 R4g6 25. Rh8
Rg1+ 26. Ka2 b6 27. Bd6 c5 28. Rh7 R1g7 29. Rh5 Rg6 30. Rxf5 Rxf6 31. Rxf6
Rg2 32. c4 Rg4 33. Kb3 Rg3+ 34. Ka4 Rg2 35. b3 a6 36. Rh6 Rg4 37. Rh8+ Kd7
38. Rf8 b5+ 39. Ka5 bxc4 40. Rxf7+ Kc6 41. bxc4 Rxc4 42. Rc7+ Kd5 43. Kxa6
Ra4+ 44. Kb5 Rxa3 45. Rxc5+ Kd4 46. Rc4+ Kd5 47. Bxa3 Kxe5 48. Kc5 Kf6 49.
Kd6 e5 50. Bb2 Kg6 51. Bxe5 Kh7 52. Rg4 Kh6 53. Ke6 Kh7 54. Kf6 Kh6 55. Rh4#
{Black checkmated}
1-0